 Dungeon Crawl Stone Soup version 0.22.1-1-ga44c0e5 (webtiles) character file.

81 Yerrow the Skirmisher (level 4, -2/41 HPs)
             Began as a Hill Orc Fighter on Oct 17, 2018.
             Was a Follower of Yredelemnul.
             Succumbed to an orc's poison
             ... on level 2 of the Dungeon.
             The game lasted 00:11:20 (1508 turns).

Yerrow the Skirmisher (Hill Orc Fighter)            Turns: 1508, Time: 00:11:21

Health: -2/41      AC:  7    Str: 19    XL:     4   Next: 40%
Magic:  4/4        EV:  8    Int:  8    God:    Yredelemnul [*.....]
Gold:   83         SH:  9    Dex: 10    Spells: 3/3 levels left

rFire    . . .     SeeInvis .   a - +0 long sword
rCold    . . .     Gourm    .   c - +0 shield
rNeg     . . .     Faith    .   b - +0 scale mail
rPois    .         Spirit   .   (no helmet)
rElec    .         Reflect  .   (no cloak)
rCorr    .         Harm     .   (no gloves)
MR       .....                  (no boots)
Stlth    ..........             (no amulet)
HPRegen  0.13/turn              p - +1 ring of evasion
MPRegen  0.09/turn              (no ring)

@: lethally poisoned (-2 -> -36)
A: no striking features
a: Animate Remains, Renounce Religion


You were on level 2 of the Dungeon.
You worshipped Yredelemnul.
Yredelemnul was aware of your devotion.
You were hungry.

You visited 1 branch of the dungeon, and saw 3 of its levels.

You collected 83 gold pieces.

Inventory:

Hand Weapons
 a - a +0 long sword (weapon)
Missiles
 i - 15 poisoned needles
 m - 36 stones (quivered)
Armour
 b - a +0 scale mail (worn)
 c - a +0 shield (worn)
 j - a +0 ring mail
 o - a +0 plate armour
Jewellery
 e - an uncursed ring of protection from magic {unknown}
 p - a +1 ring of evasion (left hand)
Scrolls
 g - a scroll of teleportation {unknown}
 n - a scroll of blinking {unknown}
 q - a scroll of fear {unknown}
Potions
 k - a potion of heal wounds {unknown}
 l - 3 potions of curing
Comestibles
 f - 7 rations


   Skills:
 + Level 4.3 Fighting
 + Level 3.1 Long Blades
 + Level 3.7 Armour
 + Level 1.0 Dodging
 + Level 3.8 Shields


You had 3 spell levels left.
You didn't know any spells.
Your spell library was empty.

Dungeon Overview and Level Annotations

Branches:
Dungeon (3/15)

Altars:
Gozag
Yredelemnul

Shops:
D:2 *


Message History

You are more poisoned.
You closely miss the orc.
The orc is heavily wounded.
* * * LOW HITPOINT WARNING * * *
You feel very sick. The orc hits you but does no damage.
You are more poisoned.
You can't go down here!
* * * LOW HITPOINT WARNING * * *
You feel very sick. The orc hits you but does no damage.
You are more poisoned.
You climb upwards.
* * * LOW HITPOINT WARNING * * *
You feel very sick.
There is a stone staircase leading down here.
* * * LOW HITPOINT WARNING * * *
You feel very sick.
You die...
Your body rises from the dead as a mindless zombie.

#.# ### #.# #.# #<#
#.#######.#
#.........#
#.##########
#.#........#
#.#.######.#
##########.#.#..@.#.#
.............Zo##+#.#
#######......(......#
#### #.............#
...# #.............#
...#
#............######
...#
####........<.....#
...# #####.###.####.#
...######
#.#........#


You could see an orc and a friendly orc zombie.

Vanquished Creatures
  Natasha (D:2)
  A worm (D:2)
  A leopard gecko (D:2)
  3 orcs
  3 giant cockroaches
  5 goblins
  9 hobgoblins
  A ball python (D:1)
  4 bats
  7 frilled lizards
  6 kobolds
  9 rats
50 creatures vanquished.

Notes
Turn   | Place    | Note
-------+----------+-------------------------------------------
     0 | D:1      | Yerrow the Hill Orc Fighter began the quest for the Orb.
     0 | D:1      | Reached XP level 1. HP: 19/19 MP: 1/1
   119 | D:1      | Reached skill level 4 in Fighting
   122 | D:1      | Reached XP level 2. HP: 27/27 MP: 2/2
   322 | D:1      | Reached XP level 3. HP: 33/33 MP: 3/3
   595 | D:2      | Found Gozag's Platinum Reserve.
   601 | D:2      | Found an opulent altar of Gozag.
  1071 | D:2      | Found a faded altar of an unknown god.
  1084 | D:2      | Became a worshipper of Yredelemnul the Dark
  1084 | D:2      | Reached * piety under Yredelemnul
  1112 | D:3      | Noticed Natasha
  1195 | D:2      | Killed Natasha
  1195 | D:2      | Reached skill level 1 in Dodging
  1195 | D:2      | Reached XP level 4. HP: 8/41 MP: 4/4
  1199 | D:2      | HP: 2/41 [orc/hand axe (2)]
  1507 | D:2      | HP: 1/41 [poisoned by an orc]
  1508 | D:2      | Succumbed to an orc's poison

Skill      XL: |  1  2  3 |
---------------+----------+-----
Fighting       | 4 |  4.3
Long Blades    | 3 |  3.1
Dodging        | 1 |  1.0
Armour         | |  3.7
Shields        | |  3.8

Action                   |  1- 3 |  4- 6 || total
-------------------------+-------+-------++-------
Melee: Long sword        |   155 |    16 ||   171
Invok: Animate Remains   |       |     1 ||     1
  Use: Scroll            |     2 |       ||     2
       Potion            |     1 |       ||     1
  Eat: Chunk             |     1 |     1 ||     2
Armor: Scale mail        |    72 |     4 ||    76
Dodge: Dodged            |    49 |     5 ||    54
Block: Shield            |    80 |    12 ||    92
       Rpst.: Long sword |    15 |       ||    15
